 Dungeon Crawl Stone Soup version 0.22-a0-373-gab1296c (webtiles) character file.

47439 emperorscorpion the Severer (level 14, -20/133 HPs)
             Began as a Deep Dwarf Berserker on Apr 5, 2018.
             Was a High Priest of Trog.
             Killed from afar by a naga mage (30 damage)
             ... with a poison arrow
             ... on level 1 of the Snake Pit on Apr 25, 2018.
             The game lasted 00:52:37 (4365 turns).

emperorscorpion the Severer (Deep Dwarf Berserker)  Turns: 4365, Time: 00:52:39

Health: -20/133    AC: 19    Str: 24    XL:     14   Next: 8%
Magic:  6/6        EV:  6    Int:  9    God:    Trog [*****.]
Gold:   831        SH: 13    Dex: 13    Spells: 13/13 levels left

rFire    . . .     SeeInvis .   a - +0 war axe
rCold    . . .     Gourm    .   x - +2 shield
rNeg     + . .     Faith    .   s - +3 plate armour
rPois    .         Spirit   .   d - +0 helmet
rElec    .         Reflect  .   (no cloak)
rCorr    .         Harm     +   (no gloves)
MR       ++...                  (no boots)
Stlth    ..........             E - amulet of Baiclipn {Harm *Drain Stlth+}
HPRegen  0.00/turn              (no ring)
MPRegen  0.10/turn              (no ring)

@: lethally poisoned (-20 -> -59), berserk cooldown, non-regenerating, slowed,
constricted, very slow
A: damage resistance, heal wounds, hooves 1, low mp 1, negative energy
resistance 1, sense surroundings 2, subdued magic 1, no regeneration
a: Heal Wounds, Berserk, Trog's Hand, Brothers in Arms, Renounce Religion


You were on level 1 of the Snake Pit.
You worshipped Trog.
Trog was extremely pleased with you.
You were very hungry.

You visited 3 branches of the dungeon, and saw 18 of its levels.
You also visited: Sewer and Volcano.

You collected 831 gold pieces.

Inventory:

Hand Weapons
 a - a +0 war axe (weapon)
 b - a +2 whip of venom
 j - a +0 hand axe
 l - a +2 flail of draining
 n - a +0 whip of flaming
 u - a +1 great sword of flaming
 w - a +0 morningstar
Missiles
 F - 7 silver tomahawks (quivered)
Armour
 d - a +0 helmet (worn)
 f - a +0 animal skin
 h - a +0 plate armour
 o - a +0 leather armour
 q - a +0 ring mail
 s - a +3 plate armour (worn)
 x - a +2 shield (worn)
 A - +1 fire dragon scales
Jewellery
 m - an uncursed amulet of regeneration
 C - an uncursed ring of fire
 D - an uncursed amulet of magic regeneration
 E - the amulet of Baiclipn (around neck) {Harm *Drain Stlth+}
   (You found it on level 6 of the Lair of Beasts)

   [amulet of harm]

   It increases damage dealt and taken.
   It causes draining when unequipped.
   It makes you more stealthy.
Wands
 p - a wand of random effects (17)
Scrolls
 g - a scroll of fog
 i - 2 scrolls of remove curse
 k - a scroll of amnesia
 t - a scroll of blinking
 y - a scroll of random uselessness
 B - a scroll of teleportation
Potions
 e - 2 potions of berserk rage
 r - a potion of flight
 z - a potion of brilliance
 G - a potion of magic
Comestibles
 c - 4 rations


   Skills:
 + Level 10.6 Fighting
 + Level 2.1 Long Blades
 + Level 15.0 Axes
 - Level 0.3(9.2) Maces & Flails
 + Level 2.0 Throwing
 + Level 11.7 Armour
 + Level 7.6 Dodging
 + Level 5.2 Stealth
 + Level 7.7 Shields
 + Level 4.9 Evocations


You had 13 spell levels left.
You didn't know any spells.

Dungeon Overview and Level Annotations

Branches:
Dungeon (11/15)            Temple (0/1) D:6            Lair (6/6) D:11
  Snake (1/4) Lair:3
  Swamp: Lair:2-4    Shoals: Lair:2-4     Slime: Lair:5-6       Orc: D:9-12

Altars:
Ru
Xom
Yredelemnul


Innate Abilities, Weirdness & Mutations

You are resistant to damage.
You can heal yourself by infusing magical energy.
You resist negative energy. (rN+)
You passively map the area around you.
You do not regenerate.
You have large cloven feet.
Your magical capacity is low. (-10% MP)
Your spells are a little easier to cast, but a little less powerful.


Message History

You are more poisoned.
* * * LOW HITPOINT WARNING * * *
The naga mage points at you and mumbles some strange words.
The poison arrow hits you!
You are lethally poisoned!
* * * LOW HITPOINT WARNING * * *
Unknown command.
You feel much better.
* * * LOW HITPOINT WARNING * * *
You feel very sick.
The naga sharpshooter unwields an uncursed enchanted shortbow.
The naga sharpshooter wields an uncursed trident.
You block the naga sharpshooter's attack.
The naga sharpshooter grabs you.
* * * LOW HITPOINT WARNING * * *
The naga sharpshooter constricts you.
The naga mage points at you and mumbles some strange words.
The poison arrow hits you!
You are more poisoned.
You die...

..... , ,, * *,
*... # , ### ...,
** # ##. ##.###.#
* ,,
,,,...#..##..#.†.#
,, * * ,**
*#.........# * * ,
** #..<(.)### * ,
, .......###)(.# ,
......# ###@# * *
, ...###
#...N))....# , ..
#...N......# , *
,* . ,
#..........# , , ,
, ,, #..........#
* , *
....####.#### ,* ,
,....#* *.. , , ,
,,** ##.. * ..., ,
,, ,, ,, , , ,,, *


You could see a naga sharpshooter and a naga mage.

Vanquished Creatures
  3 catoblepae (Lair:6)
  A two-headed ogre (D:8)
  An anaconda (Snake:1)
  6 death yaks (Lair:6)
  4 naga sharpshooters (Snake:1)
  An unseen horror (D:11)
  A skeletal warrior (Volcano)
  2 anaconda skeletons (Volcano)
  Pikel (D:5)
  2 manticores (Lair:6)
  3 black mambas
  A torpor snail (Lair:6)
  2 gargoyles (Volcano)
  8 spiny frogs
  4 komodo dragons
  2 wyverns (D:11)
  3 polar bears
  A harpy skeleton (Volcano)
  20 blink frogs
  3 hippogriffs
  3 flying skulls (Volcano)
  An alligator skeleton (Volcano)
  Eustachio (D:5)
  24 yaks
  2 basilisks
  4 nagas
  5 water moccasins
  4 porcupines
  2 black bears
  3 orc warriors
  A sky beast (D:6)
  4 wolves (Lair:4)
  4 centaurs
  A phantom (D:6)
  4 crocodiles
  9 bullfrogs
  A scorpion (D:9)
  6 killer bees (D:6)
  A spriggan skeleton (Volcano)
  3 troll skeletons (Volcano)
  A howler monkey (D:5)
  An electric eel (Lair:3)
  A crimson imp (D:9)
  A centaur zombie (D:6)
  A centaur skeleton (D:5)
  2 hounds (D:8)
  A jelly (D:5)
  4 orc priests
  Natasha (twice) (D:2)
  An iguana (D:3)
  3 orc wizards
  7 worker ants
  A naga skeleton (Volcano)
  An adder (D:2)
  3 gnolls (D:7)
  A shadow imp (D:6)
  3 worms
  A dart slug (D:1)
  5 leopard geckos
  12 orcs
  9 giant cockroaches
  2 goblins
  3 hobgoblins
  4 jackals (D:6)
  4 kobolds
  2 ball pythons
  3 bats
  4 frilled lizards
  3 rats
  A fungus (Lair:6)
239 creatures vanquished.

Vanquished Creatures (collateral kills)
  A skeletal warrior (Volcano)
  2 gargoyles (Volcano)
  A harpy skeleton (Volcano)
  An ogre (D:11)
  An adder (D:11)
  2 orcs
8 creatures vanquished.

Vanquished Creatures (others)
  An anaconda skeleton (Volcano)
  A gargoyle (Volcano)
  An acid dragon (D:11)
  2 slaves (D:5)
  A crimson imp (D:5)
  2 orc wizards (D:5)
  A worker ant (D:5)
  2 orcs (D:5)
  A plant (Lair:6)
12 creatures vanquished.

Grand Total: 259 creatures vanquished

Notes
Turn   | Place    | Note
-------+----------+-------------------------------------------
     0 | D:1      | emperorscorpion the Deep Dwarf Berserker began the quest for the Orb.
     0 | D:1      | Reached XP level 1. HP: 20/20 MP: 1/1
    34 | D:1      | Reached XP level 2. HP: 21/27 MP: 2/2
    91 | D:2      | Found a shimmering altar of Xom.
   106 | D:2      | Noticed Natasha
   116 | D:2      | Reached XP level 3. HP: 24/34 MP: 3/3
   117 | D:2      | Killed Natasha
   117 | D:2      | Reached skill level 4 in Axes
   124 | D:2      | Noticed Natasha
   128 | D:2      | Killed Natasha
   128 | D:2      | Reached XP level 4. HP: 14/42 MP: 4/4
   287 | D:3      | Reached ** piety under Trog
   315 | D:5      | Entered Level 5 of the Dungeon
   355 | D:5      | Reached skill level 5 in Axes
   355 | D:5      | Reached XP level 5. HP: 42/49 MP: 5/5
   356 | D:5      | Noticed a slave
   358 | D:5      | Noticed a slave
   362 | D:5      | Noticed Pikel
   366 | D:5      | Noticed a slave
   368 | D:5      | Noticed a slave
   395 | D:5      | Noticed Eustachio
   413 | D:5      | Killed a freed slave
   419 | D:5      | Killed Pikel
   419 | D:5      | Reached skill level 6 in Axes
   419 | D:5      | Reached skill level 1 in Evocations
   419 | D:5      | Reached XP level 6. HP: 40/58 MP: 6/6
   419 | D:5      | Reached XP level 7. HP: 46/66 MP: 7/7
   504 | D:5      | Found a glowing drain.
   516 | Sewer    | Entered a sewer
   687 | Sewer    | Reached skill level 1 in Stealth
   692 | Sewer    | Reached skill level 7 in Axes
   879 | D:5      | Killed Eustachio
   899 | D:6      | Found a staircase to the Ecumenical Temple.
  1010 | D:6      | Reached XP level 8. HP: 31/73 MP: 7/7
  1106 | D:6      | Reached skill level 5 in Fighting
  1122 | D:6      | Gained mutation: Your magical capacity is low. (-10% MP) [potion of mutation]
  1122 | D:6      | Gained mutation: Your spells are a little easier to cast, but a little less powerful. [potion of mutation]
  1122 | D:6      | Gained mutation: You have large cloven feet. [potion of mutation]
  1130 | D:6      | Reached *** piety under Trog
  1150 | D:6      | Reached skill level 8 in Axes
  1150 | D:6      | Reached skill level 5 in Dodging
  1186 | D:6      | Reached skill level 5 in Armour
  1507 | D:9      | Noticed a hippogriff
  1519 | D:9      | Killed a hippogriff
  1519 | D:9      | Gained mutation: You passively map the area around you. [Deep Dwarf growth]
  1519 | D:9      | Reached XP level 9. HP: 60/82 MP: 7/7
  1522 | D:9      | Noticed a two-headed ogre
  1535 | D:9      | Found a sacrificial altar of Ru.
  1570 | D:9      | Found a basalt altar of Yredelemnul.
  1750 | D:5      | You fall through a shaft for 3 floors!
  1751 | D:8      | Noticed a two-headed ogre
  1762 | D:8      | Killed a two-headed ogre
  1849 | D:8      | You fall through a shaft!
  1947 | D:10     | Entered Level 10 of the Dungeon
  2019 | D:11     | Reached **** piety under Trog
  2099 | D:11     | Reached skill level 9 in Axes
  2099 | D:11     | Reached XP level 10. HP: 48/94 MP: 9/9
  2191 | D:11     | HP: 1/94 [komodo dragon (17)]
  2210 | D:11     | HP: 4/94 [basilisk (6)]
  2230 | D:11     | HP: 2/94 [basilisk (11)]
  2242 | D:11     | Found a staircase to the Lair.
  2267 | D:11     | HP: 2/94 [something (4)]
  2282 | D:11     | Killed an unseen horror
  2292 | Lair:1   | Entered Level 1 of the Lair of Beasts
  2301 | Lair:1   | Reached skill level 10 in Axes
  2483 | Lair:1   | Found a dark tunnel.
  2492 | Volcano  | Entered a volcano
  2562 | Volcano  | Noticed a skeletal warrior
  2581 | Volcano  | Killed a skeletal warrior
  2585 | Volcano  | Noticed a gargoyle
  2585 | Volcano  | Noticed a gargoyle
  2600 | Volcano  | Killed a gargoyle
  2600 | Volcano  | Reached skill level 11 in Axes
  2655 | Volcano  | Noticed a gargoyle
  2670 | Volcano  | Killed a gargoyle
  2670 | Volcano  | Reached XP level 11. HP: 63/104 MP: 6/6
  2698 | Volcano  | Noticed a skeletal warrior
  2706 | Volcano  | Killed a skeletal warrior
  2975 | Lair:1   | Upgraded the game from 0.22-a0-322-g60b3cfd to 0.22-a0-348-gd16d139
  2975 | Lair:1   | Upgraded the game from 0.22-a0-348-gd16d139 to 0.22-a0-352-gc608dd7
  3030 | Lair:2   | Reached skill level 10 in Armour
  3058 | Lair:2   | Reached skill level 1 in Shields
  3098 | Lair:3   | Reached skill level 12 in Axes
  3291 | Lair:3   | Found a staircase to the Snake Pit.
  3505 | Lair:5   | Reached XP level 12. HP: 93/115 MP: 7/7
  3539 | Lair:6   | Entered Level 6 of the Lair of Beasts
  3580 | Lair:6   | Reached skill level 13 in Axes
  3585 | Lair:6   | Received a gift from Trog
  3617 | Lair:6   | Reached skill level 5 in Shields
  3917 | Lair:6   | Noticed a catoblepas
  3928 | Lair:6   | Reached skill level 10 in Fighting
  3928 | Lair:6   | Reached skill level 14 in Axes
  3928 | Lair:6   | Reached skill level 1 in Throwing
  3928 | Lair:6   | Reached XP level 13. HP: 96/123 MP: 7/9
  4017 | Lair:6   | Reached ***** piety under Trog
  4017 | Lair:6   | Reached skill level 5 in Stealth
  4209 | Lair:6   | Got a transparent emerald amulet
  4211 | Lair:6   | Identified the amulet of Baiclipn {Harm *Drain Stlth+} (You found it on level 6 of the Lair of Beasts)
  4227 | Lair:6   | Upgraded the game from 0.22-a0-352-gc608dd7 to 0.22-a0-373-gab1296c
  4319 | Snake:1  | Entered Level 1 of the Snake Pit
  4343 | Snake:1  | Gained mutation: You resist negative energy. (rN+) [Deep Dwarf growth]
  4343 | Snake:1  | Reached XP level 14. HP: 133/133 MP: 6/6
  4363 | Snake:1  | Reached skill level 15 in Axes
  4364 | Snake:1  | HP: 4/133 [naga mage/poison arrow (17)]
  4365 | Snake:1  | Killed from afar by a naga mage

Vault maps used:
D:1:      ncdulo_wetmaze
D:2:      old_standard_altar, okawaru_altar_gauntlet_db, uniq_natasha
D:4:      first_ration, serial_shops, shop
D:5:      cheibrodos_sewer_entry_bend, hangedman_decor_peaks_small,
          minmay_misc_feat_rows, uniq_crazy_yiuf_cottage, uniq_eustachio,
          uniq_pikel
D:6:      minmay_temple_entry_grid, hangedman_decor_points, st_stairs_13,
          minmay_misc_feat_secret_circle, small_statue_intersection
D:7:      kennysheep_six_static_rooms, chequers_temple_overflow_minitemple
D:8:      nicolae_overflow_crystal_walls, kennysheep_mini_moat,
          nicolae_two_hexagons, blue_anna_alchemist
D:9:      minmay_cornered_nines, old_standard_altar, yredelemnul_altar_generic,
          uniq_erica
D:10:     uniq_urug
D:11:     erik_lair_dragon, serial_glass, glass_columns_a, glass_columns_b,
          glass_columns_a, glass_columns_a, glass_columns_c, glass_columns_c
Lair:1:   serial_forest, infiniplex_forest_clump_C,
          infiniplex_forest_straight_3, infiniplex_forest_lined_3,
          infiniplex_forest_straight_3, infiniplex_forest_clump_small,
          infiniplex_forest_straight_4, infiniplex_forest_lined_3_way,
          lightli_volcano_entry_magma_tube, minmay_hedge_maze
Lair:2:   minmay_shoals_entry_hut, lemuel_fruit_tree,
          infiniplex_staircase_pool_2
Lair:3:   guppyfry_snake_entry_island, serial_bayou_lake_a
Lair:5:   grunt_forest_stairs_basic, hibernation_bobbens
Lair:6:   evilmike_catoblepas_cave, slime_altar_1, basic_altar
Sewer:    sewer_frog_island_01
Volcano:  volcano_tomb

Skill      XL: |  1  2  3  4  5  6  7  8  9 10 11 12 13 14 |
---------------+-------------------------------------------+-----
Fighting       | 3 4 6 7 8 9 10 | 10.6
Axes           | 4 5 6 7 8 9 11 12 14 15 | 15.0
Dodging        | 3 4 5 6 7 |  7.6
Evocations     | 1 2 3 4 |  4.9
Stealth        | 1 2 3 5 |  5.2
Armour         | 3 6 8 9 10 11 | 11.7
Shields        | 4 6 7 |  7.7
Long Blades    | 2 |  2.1
Throwing       | 1 2 |  2.0
Maces & Flails | |  0.3

Action                   |  1- 3 |  4- 6 |  7- 9 | 10-12 | 13-15 || total
-------------------------+-------+-------+-------+-------+-------++-------
Melee: Hand axe          |    34 |    38 |    52 |       |       ||   124
       Whip              |       |       |   147 |       |       ||   147
       Kick              |       |       |    58 |   164 |    71 ||   293
       War axe           |       |       |    65 |   482 |   121 ||   668
Throw: Tomahawk          |       |       |       |     3 |       ||     3
Invok: Berserk           |     2 |     4 |    14 |    16 |     4 ||    40
       Trog's Hand       |       |       |     2 |     6 |       ||     8
       Brothers in Arms  |       |       |       |     1 |       ||     1
 Abil: Heal Wounds       |       |     1 |     7 |    36 |    12 ||    56
Evoke: Wand              |       |     5 |     4 |    14 |       ||    23
  Use: Scroll            |       |     1 |     8 |     3 |       ||    12
       Potion            |       |       |     5 |     3 |       ||     8
 Stab: Petrified         |       |       |       |       |    10 ||    10
       Petrifying        |       |       |       |       |     2 ||     2
  Eat: Chunk             |       |     3 |    16 |    16 |     1 ||    36
       Ration            |       |       |     1 |     3 |     1 ||     5
Armor: Animal skin       |     8 |     9 |       |       |       ||    17
       Ring mail         |       |       |    55 |       |       ||    55
       Plate armour      |       |       |    73 |   325 |    58 ||   456
Dodge: Dodged            |    38 |    34 |   213 |   186 |    37 ||   508
Block: Shield            |       |       |       |   262 |    77 ||   339

Table legend:
 A = Spawn XP
 B = Non-spawn XP
 C = Spawn XP percentage of total XP
 D = Spawn monster count
 E = Non-spawn monster count
 F = Spawn count percentage of total count
 G = Total turns spent on level
                    A         B        C        D         E        F      G
               +---------+---------+-------+---------+---------+-------+---------
         Total |       0 |   46271 |   0.0 |       0 |     248 |   0.0 |  4365
               +---------+---------+-------+---------+---------+-------+---------
           D:1 |       0 |      17 |   0.0 |       0 |       9 |   0.0 |    77
           D:2 |       0 |     109 |   0.0 |       0 |      14 |   0.0 |   127
           D:3 |       0 |      37 |   0.0 |       0 |       2 |   0.0 |   106
           D:5 |       0 |     916 |   0.0 |       0 |      13 |   0.0 |   349
           D:6 |       0 |     925 |   0.0 |       0 |      17 |   0.0 |   364
           D:7 |       0 |     422 |   0.0 |       0 |      11 |   0.0 |   257
           D:8 |       0 |    1204 |   0.0 |       0 |       6 |   0.0 |   120
           D:9 |       0 |     837 |   0.0 |       0 |      13 |   0.0 |   269
          D:10 |       0 |     257 |   0.0 |       0 |       5 |   0.0 |    37
          D:11 |       0 |    2169 |   0.0 |       0 |      13 |   0.0 |   308
        Lair:1 |       0 |    1164 |   0.0 |       0 |       6 |   0.0 |   248
        Lair:2 |       0 |    4365 |   0.0 |       0 |      17 |   0.0 |   119
        Lair:3 |       0 |    3339 |   0.0 |       0 |      17 |   0.0 |   292
        Lair:4 |       0 |     983 |   0.0 |       0 |       7 |   0.0 |   108
        Lair:5 |       0 |    2587 |   0.0 |       0 |       9 |   0.0 |   167
        Lair:6 |       0 |   16986 |   0.0 |       0 |      43 |   0.0 |   639
       Snake:1 |       0 |    5012 |   0.0 |       0 |       8 |   0.0 |    46
         Sewer |       0 |     211 |   0.0 |       0 |      18 |   0.0 |   209
       Volcano |       0 |    4731 |   0.0 |       0 |      20 |   0.0 |   454
               +---------+---------+-------+---------+---------+-------+---------
